 Dungeon Crawl Stone Soup version 0.26.1-2-gb8aa6d0cf2 (webtiles) character file.

Game seed: 13152319879792806420

91 hawla the Conjurer (level 4, -17/25 HPs)
             Began as a Deep Elf Conjurer on Feb 23, 2021.
             Blown up by an orc wizard (26 damage)
             ... with a disintegration bolt
             ... on level 3 of the Dungeon.
             The game lasted 00:05:24 (2321 turns).

hawla the Conjurer (Deep Elf Conjurer)              Turns: 2321, Time: 00:05:24

Health: -17/25     AC:  3    Str:  4    XL:     4   Next: 33%
Magic:  1/11       EV: 13    Int: 24    God:
Gold:   67         SH:  0    Dex: 13    Spells: 7/10 levels left

rFire    + . .     SeeInvis .   m - +0 dagger (vamp)
rCold    . . .     Faith    .   (no shield)
rNeg     . . .     Spirit   .   a - +0 robe
rPois    .         Reflect  .   j - +0 helmet
rElec    .         Harm     .   (no cloak)
rCorr    .         Rampage  .   (no gloves)
Will     .....                  (no boots)
Stlth    +.........             (no amulet)
HPRegen  0.08/turn              c - ring of protection from fire
MPRegen  0.12/turn              (no ring)

@: confused
A: no striking features
a: no special abilities


You were on level 3 of the Dungeon.
You visited 1 branch of the dungeon, and saw 3 of its levels.

You collected 67 gold pieces.

Inventory:

Hand Weapons
 m - a +0 vampiric dagger (weapon)
Missiles
 d - 43 poisoned darts (quivered)
 g - 8 atropa-tipped darts
 i - 7 curare-tipped darts
Armour
 a - a +0 robe (worn)
 j - a +0 helmet (worn)
Jewellery
 c - a ring of protection from fire (left hand)
Scrolls
 b - a scroll of teleportation
 k - a scroll of identify
 l - a scroll of amnesia {unknown}
 n - a scroll of remove curse
Potions
 e - a potion of curing
 f - a potion of brilliance
 h - a potion of cancellation {unknown}


   Skills:
 - Level 1.0 Fighting
 - Level 3.0 Dodging
 - Level 3.0 Stealth
 + Level 3.7 Spellcasting
 + Level 4.7 Conjurations
 + Level 1.5 Translocations
 + Level 1.5 Fire Magic


You had 7 spell levels left.
You knew the following spells:

 Your Spells              Type           Power        Failure   Level
a - Magic Dart            Conj           100%         1%          1
b - Searing Ray           Conj           54%          2%          2

Your spell library contained the following spells:

 Spells                   Type           Power        Failure   Level
 Dazzling Flash           Conj/Hex       30%          12%         3
 Iskenderun's Mystic Bla  Conj/Tloc      19%          28%         4
 Fulminant Prism          Conj/Hex       7%           36%         4


Dungeon Overview and Level Annotations

Branches:
Dungeon (3/15)

Altars:


Message History

The searing ray hits the orc wizard.
The orc wizard is moderately wounded. (Press . to maintain the ray.)
You closely miss the orc wizard.
The orc wizard is almost dead.
The orc wizard points at you and mumbles some strange words.
You are confused.
The orc wizard hits you but does no damage.
You bump into the rock wall.
The orc wizard hits you with a cursed +0 dagger.
You hit the orc wizard but do no damage.
The orc wizard is almost dead.
The orc wizard hits you with a cursed +0 dagger.
You bump into the rock wall.
The orc wizard closely misses you.
The orc wizard hits you but does no damage.
You hit the orc wizard but do no damage.
The orc wizard is almost dead.
The orc wizard barely misses you.
The orc wizard zaps a wand.
You are blasted!
Ouch! That really hurt!
You die...

#..# ..### # ##.#
#.#8###8#
#.###........
.#####..##........
...................
............#8##
#.######..#.#
###.#######.#.#
......o@......#
....####o###..# #
#†# #..# #.# ##.#
#.# #.. #)# ... ...
.... #.# ..#


You could see 2 orc wizards.

Vanquished Creatures
  3 adders (D:2)
  An ooze (D:2)
  A dart slug (D:1)
  A leopard gecko (D:3)
  4 orcs (D:3)
  6 bats
  3 giant cockroaches
  8 hobgoblins
  4 jackals (D:3)
  A quokka (D:2)
  A frilled lizard (D:3)
  4 goblins
  7 kobolds
  4 rats (D:1)
48 creatures vanquished.

Notes
Turn   | Place    | Note
-------+----------+-------------------------------------------
     0 | D:1      | hawla the Deep Elf Conjurer began the quest for the Orb.
     0 | D:1      | Reached XP level 1. HP: 10/10 MP: 6/6
   182 | D:1      | Reached XP level 2. HP: 15/15 MP: 6/8
   734 | D:1      | Learned a level 2 spell: Searing Ray
  1119 | D:2      | Reached XP level 3. HP: 20/20 MP: 4/9
  1233 | D:2      | Reached skill level 1 in Translocations
  1234 | D:2      | Reached skill level 1 in Fire Magic
  1480 | D:2      | Reached skill level 1 in Fighting
  1605 | D:2      | Reached XP level 4. HP: 25/25 MP: 7/11
  2321 | D:3      | Blown up by an orc wizard

Illustrated notes

Levels and vault maps discovered:
D:1:      dpeg_arrival_line_fractal, layout_basic, item_on_display_a
D:2:      layout_basic
D:3:      layout_basic, serial_corexii_hall, corexii_hall_statues_l,
          corexii_hall_statues_s

Skill      XL: |  1  2  3 |
---------------+----------+-----
Translocations | 1 |  1.5
Stealth        | 3 |  3.0
Fire Magic     | 1 |  1.5
Fighting       | 1 |  1.0
Dodging        | 3 |  3.0
Spellcasting   | |  3.7
Conjurations   | |  4.7

Action                   |  1- 3 |  4- 6 || total
-------------------------+-------+-------++-------
Melee: Unarmed           |       |    11 ||    11
       Dagger            |       |     3 ||     3
 Cast: Magic Dart        |    39 |     6 ||    45
       Searing Ray       |    15 |    13 ||    28
  Use: Scroll            |     5 |     1 ||     6
Armor: Robe              |       |     7 ||     7
Dodge: Dodged            |     3 |    11 ||    14
